Map: Torres Crepusculares

Players

IIIIIIIIII

  • Race: Terran Terran
  • League: Master

TheZergLord - Winner!

  • Race: Zerg Zerg
  • League: Master

VOD

Have the link to the VOD?

Description

Time

  • Played on: May 4, 2016, 1:04 p.m.
  • Length: 10:40
Show
View Real Time Build Order
Export as new Build Order

IIIIIIIIII Terran 

Build Orders: 1/1/1, Bio Mine 

Get SALT Encoding   

  12  0:02  SCV  
  13  0:14  SCV  
  14  0:22  Supply Depot  
  14  0:26  SCV  
  15  0:35  Refinery  
  15  0:44  SCV  
  15  0:45  Barracks  
  16  0:56  SCV  
  17  1:08  SCV  
  18  1:20  SCV  
  19  1:31  Command Center  
  20  1:42  Factory, Marine  
  20  1:47  SCV  
  21  2:00  Marine  
  23  2:04  Orbital Command  
  22  2:09  Supply Depot  
  22  2:19  Marine  
  23  2:29  Starport  
  23  2:30  Widow Mine  
  23  2:32  SCV  
  23  2:36  Marine  
  27  2:44  Orbital Command  
  27  2:48  SCV  
  28  2:58  Widow Mine, Marine  
  29  3:00  SCV  
  32  3:08  Refinery  
  32  3:09  Medivac  
  32  3:10  SCV  
  32  3:12  SCV  
  36  3:15  Marine  
  37  3:23  SCV  
  38  3:27  SCV  
  38  3:30  Supply Depot  
  38  3:32  Widow Mine  
  38  3:33  Marine  
  42  3:35  SCV  
  42  3:39  SCV  
  44  3:47  SCV  
  45  3:51  Marine  
  45  3:52  SCV  
  45  3:54  Command Center  
  47  4:00  SCV  
  47  4:01  Liberator  
  48  4:04  SCV  
  48  4:09  Engineering Bay  
  50  4:12  SCV  
  50  4:13  Engineering Bay  
  50  4:16  SCV  
  51  4:21  Barracks Tech Lab  
  51  4:23  Supply Depot  
  54  4:27  Factory Reactor  
  54  4:31  Supply Depot  
  54  4:39  SCV x2  
  54  4:45  Marine  
  54  4:51  SCV x2  
  49  5:00  Refinery  
  49  5:01  Refinery, Stimpack  
  49  5:02  Marine  
  49  5:03  SCV x2  
  49  5:06  Barracks  
  53  5:07  Barracks x2  
  53  5:08  Widow Mine  
  53  5:11  Orbital Command  
  53  5:13  Widow Mine  
  54  5:15  SCV  
  54  5:19  SCV  
  54  5:20  Marine  
  59  5:27  SCV  
  60  5:30  Starport Reactor  
  60  5:31  SCV  
  60  5:32  Terran Infantry Weapons Level 1  
  60  5:33  Terran Infantry Armor Level 1  
  61  5:39  SCV  
  61  5:41  Orbital Command  
  63  5:43  SCV  
  63  5:50  Marine  
  63  5:51  SCV  
  63  5:54  Widow Mine x2  
  63  5:55  Barracks, SCV  
  63  5:56  Barracks  
  70  5:58  Barracks Tech Lab, Barracks Reactor x2  
  70  6:01  Supply Depot  
  70  6:04  SCV  
  71  6:07  SCV  
  71  6:08  SCV  
  73  6:13  Marauder  
  73  6:16  SCV  
  76  6:19  SCV  
  76  6:20  SCV  
  76  6:24  Supply Depot  
  78  6:25  Medivac x2  
  78  6:28  SCV  
  78  6:31  SCV  
  78  6:32  Widow Mine x2, SCV  
  87  6:33  Marine  
  87  6:35  Marine x3  
  87  6:37  Factory, Combat Shields  
  93  6:46  Marauder, Marine, SCV  
  98  6:51  Supply Depot  
  98  6:52  Supply Depot  
  98  6:53  Barracks Reactor, Armory  
  98  6:56  Barracks Reactor  
  98  6:57  Marine  
  98  6:58  Marauder  
  100  7:05  Marine  
  100  7:08  Marauder  
  103  7:13  Marine  
  104  7:16  Marine  
  104  7:18  SCV x2  
  104  7:19  Marauder, SCV  
  110  7:23  Refinery  
  110  7:24  Supply Depot  
  110  7:27  Supply Depot, Marine x2  
  110  7:29  Marauder  
  114  7:31  Marine  
  114  7:33  Marine  
  114  7:34  Marine, SCV  
  114  7:36  SCV  
  119  7:39  Marine  
  119  7:40  SCV  
  119  7:41  Marauder  
  123  7:44  Marine  
  123  7:50  Marauder, Marine  
  119  7:54  Marine  
  119  7:55  SCV  
  119  7:57  Marine  
  114  8:00  Marine x3  
  114  8:01  Marine  
  114  8:02  Marauder, Marine  
  114  8:03  Missile Turret  
  114  8:04  Widow Mine x2  
  123  8:06  Factory Tech Lab  
  123  8:07  Terran Infantry Weapons Level 2  
  123  8:08  Marine  
  123  8:12  Marauder  
  126  8:13  Missile Turret  
  126  8:22  Missile Turret  
  126  8:23  Terran Infantry Armor Level 2  
  126  8:24  Marauder  
  126  8:25  Terran Vehicle Weapons Level 1  
  126  8:26  Drilling Claws  
  128  8:27  Widow Mine, Missile Turret  
  128  8:28  Marine  
  128  8:32  Widow Mine x2, Marine  
  128  8:33  Marauder  
  138  8:34  Medivac  
  138  8:40  Marine  
  141  8:45  Supply Depot  
  141  8:57  Supply Depot, Widow Mine  
  141  8:58  Marauder x2, Marine  
  141  8:59  Medivac  
  148  9:07  Medivac  
  150  9:18  Marine  
  150  9:19  Marauder, Marine x7  
  150  9:20  Marauder  
  150  9:23  Starport  
  162  9:24  Supply Depot  
  162  9:26  Refinery  
  162  9:27  Widow Mine  
  162  9:30  Command Center  
  164  9:32  Widow Mine  
  164  9:34  Widow Mine, Liberator  
  164  9:35  Liberator  
  164  9:36  Marine  
  165  9:46  Marine x8  
  165  9:47  Marine  
  165  9:52  Supply Depot  
  180  9:54  Marine  
  180  9:55  Widow Mine  
  180  9:58  Supply Depot  
  183  10:00  Widow Mine  
  183  10:02  Widow Mine  
  183  10:04  Marauder  
  189  10:10  Supply Depot  
  189  10:13  Supply Depot, Marauder, Marine x6  
  197  10:20  Marine x2  
  199  10:23  SCV  
Show
View Real Time Build Order
Export as new Build Order

TheZergLord Zerg - Winner!

Build Orders: Hatch First, Muta Ling Bane 

Get SALT Encoding   

  12  0:01  Drone  
  13  0:12  Overlord  
  13  0:18  Drone  
  14  0:32  Drone x2  
  14  0:35  Drone  
  17  0:52  Hatchery  
  17  0:55  Drone  
  17  1:08  Spawning Pool  
  17  1:10  Drone  
  17  1:13  Extractor  
  17  1:16  Drone  
  17  1:19  Drone  
  18  1:29  Drone  
  19  1:40  Overlord  
  19  1:54  Queen  
  19  1:55  Zergling x2  
  22  2:01  Zergling x2  
  22  2:04  Queen  
  22  2:05  Zergling x2  
  26  2:11  Drone  
  26  2:15  Metabolic Boost  
  27  2:16  Drone  
  27  2:22  Drone  
  29  2:27  Drone  
  30  2:36  Drone  
  31  2:38  Drone  
  32  2:47  Queen  
  34  2:52  Hatchery, Overlord  
  33  2:59  Drone x3  
  36  3:12  Overlord  
  36  3:17  Drone x2  
  38  3:22  Drone  
  38  3:24  Drone x2  
  38  3:25  Drone x2  
  43  3:32  Drone  
  44  3:34  Queen x2, Drone  
  44  3:39  Drone x3  
  52  3:47  Spore Crawler  
  51  3:50  Spore Crawler  
  51  3:52  Drone  
  51  3:57  Zergling x2  
  51  3:59  Overlord x2  
  52  4:04  Queen  
  54  4:15  Overlord  
  54  4:16  Overlord x2  
  54  4:26  Overlord, Drone  
  54  4:27  Drone x5  
  54  4:28  Lair  
  60  4:34  Drone x2  
  60  4:35  Drone x3  
  65  4:48  Drone x7  
  65  4:49  Drone  
  72  4:59  Drone x2  
  74  5:03  Evolution Chamber  
  74  5:04  Baneling Nest, Extractor  
  74  5:05  Extractor, Drone x2  
  74  5:06  Drone x2  
  74  5:08  Extractor x2  
  74  5:09  Extractor, Drone  
  74  5:14  Drone x2  
  74  5:19  Drone  
  74  5:20  Drone x4  
  80  5:21  Drone  
  80  5:23  Hatchery, Drone  
  80  5:29  Zerg Ground Armor Level 1  
  80  5:33  Drone x3  
  83  5:46  Drone x2  
  83  5:48  Zergling x6  
  83  5:49  Zergling x6  
  91  5:52  Spire  
  90  5:58  Hatchery  
  90  6:01  Centrifical Hooks  
  89  6:04  Overlord  
  89  6:05  Overlord  
  89  6:20  Zergling x6  
  89  6:21  Zergling x12  
  89  6:23  Overlord  
  97  6:28  Overlord  
  97  6:33  Overlord x2  
  97  6:34  Overlord x5  
  97  6:37  Drone  
  97  6:39  Queen, Evolution Chamber  
  99  6:52  Baneling x10  
  99  6:53  Zergling x2  
  99  6:54  Zergling x4  
  102  7:05  Mutalisk  
  102  7:06  Mutalisk x7  
  118  7:12  Pneumatized Carapace  
  118  7:15  Zerg Melee Weapons Level 1  
  118  7:19  Overseer  
  118  7:20  Zergling x2  
  118  7:21  Zergling x24  
  130  7:38  Overlord  
  127  7:54  Mutalisk x5  
  127  7:55  Mutalisk  
  135  7:58  Zergling x2  
  135  7:59  Zergling x20  
  145  8:10  Zerg Ground Armor Level 2  
  145  8:12  Zergling x6  
  148  8:13  Zergling x26  
  148  8:18  Drone x3  
  164  8:20  Extractor  
  164  8:21  Extractor  
  164  8:22  Queen  
  164  8:32  Mutalisk  
  164  8:33  Mutalisk x2  
  170  8:35  Drone x3  
  170  8:36  Drone x2  
  170  8:38  Mutalisk  
  170  8:41  Drone x2  
  179  9:01  Mutalisk  
  179  9:02  Mutalisk x3  
  187  9:14  Drone x3  
  190  9:17  Overlord x3  
  190  9:18  Overlord  
  190  9:19  Hatchery  
  190  9:20  Baneling x6  
  190  9:21  Baneling x4  
  189  9:30  Overlord  
  184  9:43  Zergling x2  
  184  9:44  Zergling x36  
  199  9:46  Baneling  
  199  9:47  Baneling x9  
  199  9:52  Infestation Pit  
  198  9:53  Drone  
  199  10:21  Baneling x5  
  199  10:22  Baneling x10  
Tags
 
Add a new tag
Caveats
  • Supply blocks, unpowered buildings, or Contaminate may cause inaccurate times.
  • Supply counts are checked every 10 seconds.